 Dungeon Crawl Stone Soup version 0.28.0 (webtiles) character file.

Game seed: 2079055909266095387

1365 SnakkuSnakku7 the Archer (level 8, -5/40 (42) HPs)
             Began as a Deep Elf Transmuter on Feb 8, 2022.
             Was a Follower of Okawaru.
             Killed from afar by Maggie (26 damage)
             ... with a bolt of fire
             ... on level 7 of the Dungeon.
             The game lasted 00:13:22 (7028 turns).

SnakkuSnakku7 the Archer (Deep Elf Transmuter)      Turns: 7028, Time: 00:13:22

HP:   -5/40 (42)    AC:  9    Str:  7    XL:     8   Next: 38%
MP:   12/14         EV: 10    Int: 21    God:    Okawaru [*.....]
Gold: 276           SH:  0    Dex: 15    Spells: 9/13 levels left

rFire   . . .      SeeInvis .     - Unarmed
rCold   . . .      Faith    .   (no shield)
rNeg    . . .      Spirit   .   r - +4 ring mail
rPois   .          Reflect  .   (helmet currently unavailable)
rElec   .          Harm     .   (no cloak)
rCorr   .          Rampage  .   (no gloves)
Will    .....                   (boots currently unavailable)
Stlth   +.........              o - amulet of regeneration
HPRegen 0.93/turn               f - +4 ring of slaying
MPRegen 0.14/turn               k - ring of wizardry

@: appendages, lightly drained
A: horns 2, talons 2
a: End Transformation, Renounce Religion, Heroism


You were on level 7 of the Dungeon.
You worshipped Okawaru.
Okawaru was aware of your devotion.
You had temporarily grown beastly horns and talons.
You visited 2 branches of the dungeon, and saw 8 of its levels.

You collected 276 gold pieces.

Inventory:

Hand Weapons
 a - a +0 longbow
Missiles
 d - 52 arrows
Armour
 c - a +1 pair of boots (melded)
 i - a +0 robe
 r - a +4 ring mail (worn)
Jewellery
 f - a +4 ring of slaying (left hand)
 k - a ring of wizardry (right hand)
 o - an amulet of regeneration (around neck)
 s - a ring of fire
Wands
 l - a wand of digging (2)
 u - a wand of acid (12)
 v - a wand of iceblast (6)
Scrolls
 m - 2 scrolls of immolation
 q - 2 scrolls of teleportation
Potions
 b - a potion of attraction
 e - a potion of magic
 g - a potion of curing
 h - a potion of cancellation
 n - a potion of heal wounds {unknown}
 p - a potion of mutation
 t - a potion of brilliance {unknown}


   Skills:
 - Level 0.7 Fighting
 + Level 11.3 Bows
 - Level 2.4 Dodging
 - Level 4.0 Unarmed Combat
 - Level 3.0 Spellcasting
 - Level 3.9 Transmutations
 - Level 2.0 Poison Magic


You had 9 spell levels left.
You knew the following spells:

 Your Spells              Type           Power      Damage    Failure   Level
a - Beastly Appendage     Tmut           38%        N/A       4%          1
b - Spider Form           Tmut/Pois      15%        N/A       16%         3

Your spell library contained the following spells:

 Spells                   Type           Power      Damage    Failure   Level
 Wereblood                Tmut           19%        N/A       6%          2
 Apportation              Tloc           6%         N/A       19%         1
 Foxfire                  Conj/Fire      12%        2x1d4     19%         1
 Corpse Rot               Necr/Air       6%         N/A       26%         2
 Static Discharge         Conj/Air       3%         N/A       26%         2
 Confusing Touch          Hex            3%         N/A       45%         3
 Conjure Flame            Conj/Fire      3%         6-21      45%         3
 Inner Flame              Hex/Fire       3%         N/A       45%         3
 Ozocubu's Armour         Ice            3%         N/A       45%         3
 Ice Form                 Ice/Tmut       11%        N/A       61%         4
 Dispel Undead            Necr           3%         3d7       86%         4
 Flame Wave               Conj/Fire      3%         2d4       86%         4
 Passage of Golubria      Tloc           3%         N/A       86%         4
 Yara's Violent Unravell  Hex/Tmut       5%         3d4       90%         5
 Lightning Bolt           Conj/Air       1%         1d12      99%         5
 Enfeeble                 Hex            1%         N/A       100%        7
 Ozocubu's Refrigeration  Ice            1%         4d5       100%        7
 Maxwell's Capacitive Co  Air            1%         ∞         100%        8
 Animate Skeleton         Necr           Unusable   N/A       N/A         1
 Summon Small Mammal      Summ           Unusable   N/A       N/A         1
 Tukima's Dance           Hex            Unusable   N/A       N/A         3
 Death Channel            Necr           Unusable   N/A       N/A         6

Dungeon Overview and Level Annotations

Branches:
Dungeon (7/15)             Temple (1/1) D:5

Altars:
Ashenzari
Cheibriados
Dithmenos
Elyvilon
Fedhas
Gozag
Hepliaklqana
Kikubaaqudgha
Makhleb
Nemelex Xobeh
Okawaru
Qazlal
Ru
Sif Muna
Trog
Uskayaw
Vehumet
Wu Jian
Xom
Yredelemnul
Zin
The Shining One

Shops:
D:4 [

Annotations:
D:3 3 runed translucent doors, indyram44's ghost, amateur DsFi; styxcanada's ghost, amateur SpBr
D:7 Dowan; Duvessa; Maggie


Innate Abilities, Weirdness & Mutations

You have temporarily grown beastly horns and talons.


Message History

You see here a +0 hand axe.
Maggie says, "How do the people who live here stand the isolation?"
a - a +0 longbow (weapon)
You gain the combat prowess of a mighty hero.
You shoot an arrow. The arrow closely misses Maggie.
You shoot an arrow. The arrow barely misses Maggie.
Maggie gestures wildly while chanting.
Maggie attempts to bespell you!
You are mesmerised by Maggie!
You shoot an arrow. The arrow hits Maggie!
Maggie is lightly wounded.
You shoot an arrow. The arrow hits Maggie!
Maggie is moderately wounded.
You shoot an arrow. The arrow hits Maggie!
Maggie is heavily wounded.
Maggie hits you but does no damage.
You shoot an arrow. The arrow closely misses Maggie.
Maggie hits you with a +0 war axe.
You shoot an arrow. The arrow hits Maggie.
Maggie is heavily wounded.
Maggie hits you with a +0 war axe.
You shoot an arrow. The arrow hits Maggie!
Maggie is severely wounded.
You shoot an arrow. The arrow barely misses Maggie.
Maggie casts a spell at you. The bolt of fire hits you!
You shoot an arrow. The arrow hits Maggie.
Maggie is severely wounded.
You break out of your daze.
You feel like a meek peon again.
Maggie points at you and mumbles some strange words.
The bolt of fire hits you.
Unknown command.
You are now empty-handed.
Maggie hits you with a +0 war axe.
You grow a pair of large bovine horns.
Your feet morph into talons.
Your +1 pair of boots melds into your body.
Maggie casts a spell at you. The bolt of fire hits you!!
Ouch! That really hurt!
You die...

# #......#...#
#...).........(##
.##.....##...##)##
......##...##...##
......##..#.....# ..
#....###)..).#....# ...
#.......(#.#####..# #...
##......@.### #.@.
..##..##......@.## .##...
..........#####..# ......
.........# #....##.##
......
........###..........
......
##.####.....###.....#
.....e (.#.........###
#...### ......o
............###
#..####.#.....
..............####.......#
......###................#


You could see Maggie.

Vanquished Creatures
  2 necrophages
  An ogre (D:5)
  A black bear (D:6)
  A centaur (D:7)
  A scorpion (D:4)
  5 killer bees (D:6)
  4 wights
  A howler monkey (D:5)
  A hound (D:4)
  Jessica (D:2)
  4 iguanas
  An orc wizard (D:3)
  A killer bee zombie (D:7)
  2 howler monkey zombies
  10 adders
  4 gnolls
  An ufetubus (D:7)
  An adder skeleton (D:4)
  A worm (D:5)
  A dart slug (D:4)
  11 orcs
  5 bats
  5 endoplasms
  4 giant cockroaches
  7 goblins
  3 hobgoblins (D:1)
  7 jackals
  6 kobolds
  2 quokkas (D:4)
  7 ball pythons
  A frilled lizard (D:1)
  5 rats
107 creatures vanquished.

Notes
Turn   | Place    | Note
-------+----------+-------------------------------------------
     0 | D:1      | SnakkuSnakku7 the Deep Elf Transmuter began the quest for
                  | the Orb.
     0 | D:1      | Reached XP level 1. HP: 11/11 MP: 6/6
   125 | D:1      | Reached XP level 2. HP: 9/16 MP: 8/8
   762 | D:1      | Reached XP level 3. HP: 6/20 MP: 7/9
   766 | D:1      | Learned a level 3 spell: Spider Form
  1498 | D:2      | Reached skill level 1 in Poison Magic
  1913 | D:2      | Reached XP level 4. HP: 20/24 MP: 10/10
  2069 | D:2      | Noticed Jessica
  2075 | D:2      | Killed Jessica
  2795 | D:3      | Found a faded altar of an unknown god.
  2899 | D:3      | Reached XP level 5. HP: 17/28 MP: 9/11
  3202 | D:3      | Found a runed translucent gate.
  3202 | D:3      | Found a runed translucent gate.
  3202 | D:3      | Found a runed translucent gate.
  3203 | D:3      | Noticed indyram44's ghost (amateur DsFi)
  3204 | D:3      | Noticed styxcanada's ghost (amateur SpBr)
  3396 | D:2      | Reached skill level 1 in Bows
  3857 | D:3      | Reached skill level 2 in Bows
  4356 | D:4      | Reached skill level 3 in Bows
  4356 | D:4      | Reached XP level 6. HP: 33/33 MP: 8/12
  4410 | D:4      | Reached skill level 4 in Bows
  4690 | D:4      | Reached skill level 5 in Bows
  4746 | D:4      | Found Lodbrok's Dragon-Slaying Spoils.
  4956 | D:5      | Entered Level 5 of the Dungeon
  5247 | D:5      | Found a staircase to the Ecumenical Temple.
  5254 | Temple   | Entered the Ecumenical Temple
  5326 | Temple   | Became a worshipper of Warmaster Okawaru
  5369 | D:5      | Reached skill level 6 in Bows
  5379 | D:5      | Reached XP level 7. HP: 20/37 MP: 9/13
  5485 | D:5      | Found a glowing silver altar of Zin.
  5495 | D:5      | Reached skill level 7 in Bows
  6034 | D:6      | Reached skill level 8 in Bows
  6491 | D:7      | Noticed Duvessa
  6492 | D:7      | Noticed Dowan
  6528 | D:6      | Reached skill level 9 in Bows
  6590 | D:6      | Reached * piety under Okawaru
  6630 | D:6      | Reached XP level 8. HP: 31/42 MP: 14/14
  6631 | D:6      | Reached skill level 10 in Bows
  6943 | D:7      | Reached skill level 11 in Bows
  7007 | D:7      | Noticed Maggie
  7028 | D:7      | Killed from afar by Maggie

Illustrated notes

Levels and vault maps discovered:
D:1:      onia_arrival_pyramid, layout_basic, corner_web_ring
D:2:      layout_basic, serial_bayou_pond_e, kennysheep_big_empty_room,
          minmay_misc_feat_columns, uniq_jessica
D:3:      layout_basic, gammafunk_ghost_cemetery, ebering_ecumenical_altar_box,
          minmay_statues_item
D:4:      layout_cave_pools, nicolae_shop_dragon_depot, st_stairs_4
D:5:      layout_loops_corners, old_standard_altar, temple_statues
D:6:      layout_loops_ring
D:7:      layout_cave_pools, uniq_crazy_yiuf_cottage, uniq_maggie, uniq_duvessa
Temple:   compressed_dpeg_triangle_lava_temple

Skill      XL: |  1  2  3  4  5  6  7  8 |
---------------+-------------------------+-----
Transmutations | 3 |  3.9
Unarmed Combat | 3 4 |  4.0
Poison Magic   | 1 2 |  2.0
Bows           | 3 6 9 11 | 11.3
Fighting       | |  0.7
Dodging        | |  2.4
Spellcasting   | |  3.0

Action                   |  1- 3 |  4- 6 |  7- 9 || total
-------------------------+-------+-------+-------++-------
Melee: Unarmed           |    89 |   146 |   105 ||   340
       Kick              |    11 |    18 |    17 ||    46
       Headbutt          |     8 |     8 |    12 ||    28
       Punch             |     3 |     1 |     1 ||     5
 Fire: Longbow           |       |    11 |    10 ||    21
 Cast: Beastly Appendage |     8 |    19 |    15 ||    42
       Spider Form       |       |     4 |       ||     4
Invok: Heroism           |       |       |     1 ||     1
Evoke: Wand              |       |       |     1 ||     1
  Use: Scroll            |       |     9 |     2 ||    11
       Potion            |       |       |     2 ||     2
 Stab: Sleeping          |     2 |     2 |       ||     4
Armor: Robe              |    25 |    15 |       ||    40
       Ring mail         |       |       |    56 ||    56
       Skin              |       |       |     8 ||     8
Dodge: Dodged            |    54 |    72 |    83 ||   209
